 Dungeon Crawl Stone Soup version 0.20-a0-217-g17e8ceb (webtiles) character file.

102 Leszczynek the Skirmisher (level 4, 0/36 HPs)
             Began as a Vampire Wanderer on Nov 28, 2016.
             Slain by a worker ant (4 damage)
             ... on level 6 of the Dungeon.
             The game lasted 00:14:18 (3897 turns).

Leszczynek the Skirmisher (Vampire Wanderer)        Turns: 3897, Time: 00:14:18

Health: 0/36       AC:  5    Str:  8    XL:     4   Next: 50%
Magic:  4/4        EV: 10    Int: 20    God:
Gold:   186        SH:  0    Dex: 16    Spells: 3/3 levels left

rFire  . . .     SeeInvis +     a - +0 quarterstaff
rCold  + . .     Gourm    .     t - +0 ring mail
rNeg   + + .     Faith    .     (shield currently unavailable)
rPois  +         Spirit   .     (no helmet)
rElec  .         Reflect  .     (no cloak)
rCorr  .         Harm     .     (no gloves)
MR     .....                    (no boots)
Stlth  +++.......               (no amulet)
                                (no ring)
                                (no ring)

@: brilliant, lethally poisoned (0 -> -14), regenerating slowly
A: fangs 3, see invisible, unbreathing
a: Bat Form


You were on level 6 of the Dungeon.
You were thirsty.

You visited 1 branch of the dungeon, and saw 4 of its levels.

You collected 186 gold pieces.

Inventory:

Hand Weapons
 a - a +0 quarterstaff (weapon)
 b - a +0 dagger
 c - a +0 spear
 o - a +0 scimitar
 s - a +0 hunting sling
Armour
 p - a +0 buckler
 r - a +0 shield
 t - a +0 ring mail (worn)
Jewellery
 w - a cursed ring of loudness {unknown}
Wands
 e - a wand of enslavement (15/24)
Scrolls
 g - 2 scrolls of enchant weapon {unknown}
 h - 3 scrolls of identify {unknown}
 i - a scroll of recharging {unknown}
 j - 2 scrolls of amnesia {unknown}
 k - a scroll of enchant armour {unknown}
 l - 2 scrolls of teleportation {unknown}
 m - 2 scrolls of remove curse {unknown}
 u - a scroll of noise {unknown}
Potions
 d - a potion of brilliance
 f - 8 potions of blood {@q0}
 n - a potion of degeneration {unknown}
 q - a potion of ambrosia {unknown}
 v - 3 potions of curing {unknown}


   Skills:
 - Level 3.6 Fighting
 * Level 2.2 Long Blades
 - Level 2.9 Polearms
 - Level 1.1 Dodging
 - Level 3.0 Stealth
 + Level 1.3 Shields
 - Level 1.1 Unarmed Combat
 - Level 1.0 Evocations


You had 3 spell levels left.
You didn't know any spells.

Dungeon Overview and Level Annotations

Branches:
Dungeon (3/15)

Altars:
Dithmenos
Okawaru
Ru

Annotations:
D:3 Xiguana's ghost, amateur DrCK


Innate Abilities, Weirdness & Mutations

You heal slowly.
You have razor-sharp teeth.
You have supernaturally acute eyesight. (SInv)
You can survive without breathing.


Message History

The worker ant is lightly wounded.
You feel sick. The worker ant bites you.
You sock the worker ant!
The worker ant is heavily wounded.
The worker ant bites you but does no damage.
The worker ant bites you.
You hit the worker ant.
The worker ant is severely wounded.
You feel sick. The worker ant bites you.
You barely miss the worker ant.
The worker ant is severely wounded.
The worker ant bites you.
You are lethally poisoned!
The worker ant poisons you!
It was a potion of brilliance.
You feel clever all of a sudden.
You feel sick. The worker ant bites you!
* * * LOW HITPOINT WARNING * * *
The worker ant bites you.
You die...

#.####...###.
#.# ##.#?...#
#.# #..###.#
#)# ..## #.#
..# #.# ..#
#.# .#. ##?
#.####.#.....
#..@a.....)..
######.#.....
.# ..# .# #
.# .. ##


You could see a worker ant.

Vanquished Creatures
  4 adders (D:2)
  A worm (D:2)
  4 dart slugs
  A leopard gecko (D:2)
  3 orcs
  2 ball pythons
  2 giant cockroaches (D:1)
  5 goblins
  9 hobgoblins
  8 bats
  4 frilled lizards
  7 kobolds
  4 rats
54 creatures vanquished.

Notes
Turn   | Place    | Note
-------+----------+-------------------------------------------
     0 | D:1      | Leszczynek the Vampire Wanderer began the quest for the Orb.
     0 | D:1      | Leszczynek set off with: a wand of enslavement (15/24), a +0 quarterstaff, a +0 spear, a +0 robe, a +0 dagger, a potion of blood
     0 | D:1      | Reached XP level 1. HP: 18/18 MP: 1/1
     0 | D:1      | weird start
     1 | D:1      | oh, you can walk with a mouse now
     1 | D:1      | also +0 str, it's 0/5/7 from the background
     1 | D:1      | bleh
   202 | D:1      | Reached XP level 2. HP: 16/24 MP: 2/2
   207 | D:1      | Reached skill level 2 in Polearms
   693 | D:1      | Reached XP level 3. HP: 23/29 MP: 3/3
  1448 | D:2      | Found a shadowy altar of Dithmenos.
  2347 | D:2      | Reached skill level 1 in Long Blades
  2396 | D:2      | Reached skill level 1 in Shields
  2396 | D:2      | Reached XP level 4. HP: 21/36 MP: 4/4
  2918 | D:2      | Reached skill level 2 in Long Blades
  3185 | D:3      | Found a sacrificial altar of Ru.
  3210 | D:3      | Noticed Xiguana's ghost (amateur DrCK)
  3492 | D:3      | Found an iron altar of Okawaru.
  3505 | D:3      | You fall through a shaft for 3 floors!
  3506 | D:6      | nice
  3897 | D:6      | Slain by a worker ant

Vault maps used:
D:1:      minmay_arrival_wavy_path, minivault_5, minmay_small_reverse_x
D:2:      nicolae_dithmenos_shadow_blocks, first_bread
D:3:      nicolae_ru_the_path_less_chosen, grunt_temple_overflow_open,
          minmay_rats_cheesy_pizza
D:6:      serial_shops, shop

Skill      XL: |  1  2  3  4 |
---------------+-------------+-----
Polearms       | 2 |  2.9
Long Blades    | 1 2 |  2.2
Shields        | 1 |  1.3
Fighting       | |  3.6
Dodging        | |  1.1
Stealth        | |  3.0
Unarmed Combat | |  1.1
Evocations     | |  1.0

Action                   |  1- 3 |  4- 6 || total
-------------------------+-------+-------++-------
Melee: Quarterstaff      |   131 |    59 ||   190
       Bite              |     9 |     2 ||    11
  Use: Potion            |     2 |     5 ||     7
 Stab: Sleeping          |     5 |     5 ||    10
       Distracted        |     1 |       ||     1
  Eat: Corpse            |     1 |       ||     1
Armor: Robe              |    21 |       ||    21
       Leather armour    |    19 |       ||    19
       Ring mail         |     8 |    23 ||    31
Dodge: Dodged            |    86 |    30 ||   116
